 Dungeon Crawl Stone Soup version 0.19.5 (webtiles) character file.

37489 Peloso the Peltast (level 13, -2/119 HPs)
             Began as a Minotaur Fighter on Apr 6, 2017.
             Was the Champion of Okawaru.
             Slain by an orc warrior
             ... wielding a +0 dire flail
             ... led by an orc warlord
              (14 damage)
             ... on level 2 of the Orcish Mines.
             The game lasted 00:53:25 (17003 turns).

Peloso the Peltast (Minotaur Fighter)              Turns: 17003, Time: 00:53:25

Health: -2/119     AC: 34    Str: 26    XL:     13   Next: 58%
Magic:  12/12      EV:  4    Int:  9    God:    Okawaru [******]
Gold:   908        SH: 24    Dex: 14    Spells: 0 memorised, 12 levels left

rFire  + . .     SeeInvis .     K - +4 scimitar (flame)
rCold  + . .     Gourm    .     E - +7 gold dragon scales of Vetiu {rElec rPois rF+ rC+ Int+4}
rNeg   . . .     Faith    .     Y - +1 large shield {AC+3}
rPois  +         Spirit   .     (helmet restricted)
rElec  +         Reflect  +     S - +0 cloak
rCorr  .         Harm     .     x - +2 pair of gloves {archery}
MR     +....                    (no boots)
Stlth  ..........               I - +2 amulet of reflection
                                z - ring "Burhefroy" {+Inv MR+ AC+1 Stlth+}
                                a - +4 ring of strength

@: about to teleport, drained
A: retaliatory headbutt, horns 2
a: Heroism, Finesse, Renounce Religion, Evoke Invisibility


You were on level 2 of the Orcish Mines.
You worshipped Okawaru.
Okawaru was exalted by your worship.
You were not hungry.

You visited 4 branches of the dungeon, and saw 18 of its levels.
You also visited: Labyrinth.

You collected 1033 gold pieces.
You spent 125 gold pieces at shops.

Inventory:

Hand Weapons
 p - the +11 great mace of the Median {drain, Stlth+, unknown}
   (Okawaru gifted it to you on level 12 of the Dungeon)

   A truly terrible weapon, it drains the life of those it strikes.
   It makes you more stealthy.
 K - a +4 scimitar of flaming (weapon)
 O - a +2 scimitar of holy wrath
Armour
 x - a +2 pair of gloves of archery (worn)
 E - the +7 gold dragon scales of Vetiu (worn) {rElec rPois rF+ rC+ Int+4}
   (You took it off a minotaur in a labyrinth)

   It affects your intelligence (+4).
   It protects you from fire.
   It protects you from cold.
   It insulates you from electricity.
   It protects you from poison.
 S - a +0 cloak (worn)
 Y - a +1 large shield of protection (worn)
Rods
 n - a +1 iron rod (11/11)
   (You found it on level 12 of the Dungeon)
Jewellery
 a - a +4 ring of strength (left hand)
 z - the ring "Burhefroy" (right hand) {+Inv MR+ AC+1 Stlth+}
   (You took it off a minotaur in a labyrinth)

   [ring of protection]

   It affects your AC (+1).
   It affects your resistance to hostile enchantments.
   It lets you turn invisible.
   It makes you more stealthy.
 A - an uncursed ring of resist corrosion
 I - a +2 amulet of reflection (around neck)
Wands
 w - a wand of digging (6/24)
 y - a wand of teleportation (3/9)
Scrolls
 e - 6 scrolls of remove curse
 g - 3 scrolls of magic mapping
 h - a scroll of identify
 k - 2 scrolls of fog
 l - 6 scrolls of amnesia {unknown}
 o - 5 scrolls of teleportation
 t - 3 scrolls of fear {unknown}
 v - 2 scrolls of enchant weapon {unknown}
 J - 3 scrolls of silence {unknown}
 N - 2 scrolls of noise {unknown}
 V - a scroll of recharging {unknown}
 W - 2 scrolls of vulnerability {unknown}
Potions
 b - a potion of curing
 c - a potion of flight
 d - 2 potions of might
 j - 2 potions of brilliance
 q - 2 potions of agility
 u - a potion of haste
 C - 2 potions of berserk rage
 D - a potion of resistance
Comestibles
 f - 13 bread rations
 i - 6 meat rations
 m - a chunk of flesh
 H - 14 royal jellies
 P - 2 beef jerkies
 Q - 8 slices of pizza
 Z - 14 fruits


   Skills:
 + Level 12.4(11.9) Fighting
 + Level 15.0(14.5) Long Blades
 + Level 12.5(12.0) Armour
 + Level 2.1(1.8) Dodging
 + Level 2.0(1.6) Stealth
 + Level 15.3(14.7) Shields
 + Level 0.6(0.2) Invocations
 + Level 1.0(0.7) Evocations


You had 12 spell levels left.
You didn't know any spells.

Dungeon Overview and Level Annotations

Branches:
Dungeon (12/15)            Temple (1/1) D:5            Lair (3/6) D:11
  Swamp (0/4) Lair:3       Spider (0/4) Lair:2          Orc (2/2) D:12
    Elf (0/3) Orc:2

Altars:
Ashenzari
Cheibriados
Dithmenos
Elyvilon
Fedhas
Gozag
Hepliaklqana
Kikubaaqudgha
Nemelex Xobeh
Okawaru
Qazlal
Ru
Sif Muna
Trog
Vehumet
Xom
Zin
The Shining One
Beogh

Shops:
D:5 %%   D:11 *}?:*   Orc:2 *


Innate Abilities, Weirdness & Mutations

You reflexively headbutt those who attack you in melee.
You have a pair of horns on your head.


Message History

The smoke demon barely misses you. You furiously retaliate!
You headbutt the smoke demon.
The smoke demon hits you but does no damage. x2
The orc warrior hits you but does no damage.
The red devil hits you from afar with a demon trident of venom!
You slash the orc warrior! You burn the orc warrior.
You headbutt the orc warrior, but do no damage.
The orc warrior is severely wounded.
You are covered in liquid flames!
You block the ufetubus's attack. x2
The orc sorcerer hits you with a dagger.
The ynoxinul gestures.
You block the orc warrior's attack. The smoke demon gestures at you.
Something smites you!
* * * LOW HITPOINT WARNING * * *
The orc warrior hits you with a flail!!
* * * LOW HITPOINT WARNING * * *
The orc warrior hits you with a dire flail!
You die...

*,,,,,,..............$##
*,,,,..................#
,,,,...................#
,,,...............5....#
,,,...................##
,,.............53.....#
,,............54o#.#.##
,,.#......$..54o3o....##
,,.$..........oo@o5....#
,,.....#......ooo5....##
,.......#....o.5o.#..<.#
.....#.....#.#$..#....##
...........####.###...#*
.......§.oo..#...#,....#
#.......§........#*....#
.......$.o^#$##...,,..##
.$...............,*,***


You could see an orc knight, an orc high priest, a rust devil, a smoke demon, a
ynoxinul, an orc sorcerer, a red devil, 6 orc warriors, an orc priest, an orc
and 7 ufetubi.

Vanquished Creatures
  Gastronok (D:9)
  A minotaur (Lab)
  A hydra (Lair:2)
  The ghost of happy2pester the Lord of Darkness, a journeyman DDNe of Kikubaaqudgha (D:11)
  An ogre mage (D:10)
  Erica (D:9)
  The ghost of Dumah the Black Sun, a novice DDNe of Kikubaaqudgha (D:9)
  The ghost of supermoro the Chopper, a novice DsBe of Trog (D:10)
  4 hill giants
  An orc knight (D:12)
  An orc sorcerer (Orc:2)
  A wolf spider zombie (D:12)
  A wolf spider (D:10)
  3 cyclopes
  An ugly thing (D:12)
  Maurice (D:8)
  A black mamba (Lair:1)
  Psyche (D:9)
  A centaur skeleton (D:11)
  Joseph (D:8)
  4 spiny frogs
  6 komodo dragons
  A queen bee (D:9)
  Prince Ribbit (D:5)
  4 trolls
  Grinder (D:4)
  A hornet (D:10)
  4 blink frogs (Lair:1)
  A wraith (D:11)
  2 redbacks (Lab)
  37 yaks
  2 basilisks
  A hungry ghost (D:10)
  A vampire mosquito (D:12)
  3 hogs (D:8)
  A human (D:8)
  A steam dragon (D:11)
  Grum (D:8)
  4 swamp worms (Lair:3)
  6 insubstantial wisps (Lair:3)
  4 wargs (D:12)
  The ghost of zodiitti the Digger, an amateur GrEE (D:3)
  9 porcupines
  4 sky beasts
  5 ice beasts
  9 orc warriors
  A phantom (D:4)
  9 ogres
  2 eyes of draining
  4 wolves (D:8)
  11 centaurs
  13 crocodiles
  Blork the orc (D:5)
  16 bullfrogs
  A gnoll sergeant (D:9)
  A wyvern skeleton (D:7)
  7 scorpions
  27 killer bees
  7 wights
  3 electric eels
  4 howler monkeys
  2 jellies
  4 crimson imps
  A centaur zombie (D:7)
  3 bullfrog zombies
  A quasit (D:12)
  9 orc priests
  2 bullfrog skeletons
  6 hounds
  9 orc wizards
  Jessica (D:2)
  6 iguanas
  8 worker ants
  A worker ant zombie (D:8)
  A howler monkey skeleton (D:9)
  9 gnolls
  7 adders
  4 river rats (D:11)
  A worker ant simulacrum (D:10)
  An ooze (D:4)
  An adder skeleton (D:7)
  2 adder zombies
  15 worms
  4 dart slugs
  7 leopard geckos
  48 orcs
  A ball python (D:5)
  3 giant cockroaches
  9 goblins
  5 hobgoblins
  12 jackals
  4 quokkas
  4 bats
  2 frilled lizards
  7 kobolds
  6 rats
  A butterfly (Lair:3)
  A fungus (Lair:3)
  2 plants (Lair:3)
456 creatures vanquished.

Vanquished Creatures (others)
  5 fungi
  A plant (Lair:3)
6 creatures vanquished.

Grand Total: 462 creatures vanquished

Notes
Turn   | Place    | Note
-------+----------+-------------------------------------------
     0 | D:1      | Peloso the Minotaur Fighter began the quest for the Orb.
     0 | D:1      | Reached XP level 1. HP: 19/19 MP: 0/0
   203 | D:1      | Reached XP level 2. HP: 23/27 MP: 1/1
   622 | D:1      | You fall through a shaft!
   627 | D:2      | Found an ancient bone altar of Kikubaaqudgha.
   951 | D:1      | Reached XP level 3. HP: 31/33 MP: 2/2
  1170 | D:2      | Found a faded altar of an unknown god.
  1191 | D:2      | Noticed Jessica
  1206 | D:2      | Killed Jessica
  1206 | D:2      | Reached XP level 4. HP: 35/40 MP: 3/3
  1578 | D:3      | Noticed zodiitti's ghost (amateur GrEE)
  1609 | D:3      | Killed zodiitti's ghost
  1609 | D:3      | Reached XP level 5. HP: 22/47 MP: 4/4
  2563 | D:4      | Reached skill level 5 in Long Blades
  2573 | D:4      | Reached skill level 5 in Armour
  2573 | D:4      | Reached skill level 5 in Shields
  2573 | D:4      | Reached XP level 6. HP: 50/53 MP: 5/5
  2615 | D:4      | Noticed Grinder
  2616 | D:4      | Paralysed by Grinder for 3 turns
  2625 | D:4      | Paralysed by Grinder for 6 turns
  2638 | D:4      | Killed Grinder
  2854 | D:4      | Reached skill level 1 in Dodging
  2912 | D:4      | Reached XP level 7. HP: 60/60 MP: 6/6
  3133 | D:4      | Reached skill level 5 in Fighting
  3641 | D:5      | Entered Level 5 of the Dungeon
  3798 | D:5      | Found Weng's Food Boutique.
  3815 | D:5      | Found Nyxawk's Food Boutique.
  3989 | D:5      | Reached XP level 8. HP: 68/68 MP: 7/7
  4101 | D:5      | Found a staircase to the Ecumenical Temple.
  4118 | D:5      | Noticed Blork the orc
  4132 | D:5      | Killed Blork the orc
  4153 | Temple   | Entered the Ecumenical Temple
  4265 | Temple   | Became a worshipper of Warmaster Okawaru
  4516 | D:5      | Noticed Prince Ribbit
  4530 | D:5      | Killed Prince Ribbit
  5096 | D:6      | Reached * piety under Okawaru
  5302 | D:6      | Reached XP level 9. HP: 54/75 MP: 8/8
  5620 | D:6      | Reached ** piety under Okawaru
  5639 | D:6      | Found a shimmering altar of Xom.
  5788 | D:6      | Reached skill level 10 in Long Blades
  6940 | D:7      | Found a hazy altar of Hepliaklqana.
  7063 | D:8      | Noticed Grum
  7088 | D:8      | Killed Grum
  7103 | D:8      | Reached *** piety under Okawaru
  7539 | D:8      | Reached XP level 10. HP: 86/86 MP: 2/9
  7810 | D:8      | Received a gift from Okawaru
  7978 | D:8      | Reached **** piety under Okawaru
  8004 | D:8      | Reached skill level 10 in Shields
  8048 | D:8      | Noticed Maurice
  8068 | D:8      | Killed Maurice
  8080 | D:8      | Noticed Joseph
  8101 | D:8      | Killed Joseph
  8358 | D:9      | Noticed Psyche
  8361 | D:9      | Noticed Dumah's ghost (novice DDNe)
  8389 | D:9      | Killed Psyche
  8402 | D:9      | Killed Dumah's ghost
  8402 | D:9      | Reached ***** piety under Okawaru
  8402 | D:9      | Reached skill level 1 in Stealth
  8402 | D:9      | Reached skill level 1 in Evocations
  8517 | D:9      | Found a shattered altar of Ashenzari.
  8580 | D:9      | Reached XP level 11. HP: 95/95 MP: 10/10
  8617 | D:9      | Received a gift from Okawaru
  8681 | D:9      | Found a white marble altar of Elyvilon.
  8950 | D:9      | Noticed Gastronok
  9541 | D:9      | Killed Gastronok
  9543 | D:9      | Noticed Erica
  9554 | D:9      | Killed Erica
  9554 | D:9      | Reached skill level 10 in Armour
 10321 | D:10     | Entered Level 10 of the Dungeon
 10449 | D:10     | Reached ****** piety under Okawaru
 10874 | D:11     | Reached skill level 10 in Fighting
 10915 | D:11     | Reached XP level 12. HP: 40/106 MP: 11/11
 11261 | D:11     | Found Syiryloang's Book Shop.
 11309 | D:11     | Received a gift from Okawaru
 11471 | D:11     | Noticed happy2pester's ghost (journeyman DDNe)
 11485 | D:11     | Killed happy2pester's ghost
 11510 | D:11     | Found a staircase to the Lair.
 11523 | D:11     | Found Saogh's Magic Scroll Shoppe.
 11531 | D:11     | Bought a scroll of teleportation for 36 gold pieces
 11531 | D:11     | Bought a scroll of remove curse for 36 gold pieces
 11531 | D:11     | Bought a scroll of identify for 24 gold pieces
 11534 | D:11     | Found Hupnaig's Gadget Shoppe.
 11606 | D:11     | Found Cidaeci's General Store.
 11811 | D:11     | Found Bise's Assorted Antiques.
 11834 | D:11     | Bought a scroll labeled HOELESMYCOJ for 29 gold pieces
 12178 | D:10     | Noticed an ogre mage
 12187 | D:10     | Noticed supermoro's ghost (novice DsBe)
 12200 | D:10     | Killed an ogre mage
 12221 | D:10     | Killed supermoro's ghost
 12427 | D:10     | Got a smoking trident
 12428 | D:10     | Identified the cursed +1 trident "Arphu" {speed, Str+6 Int+4} (You found it on level 10 of the Dungeon)
 12936 | Lair:1   | Entered Level 1 of the Lair of Beasts
 12998 | Lair:1   | Received a gift from Okawaru
 13718 | Lair:2   | Noticed a six-headed hydra
 13723 | Lair:2   | Killed a two-headed hydra
 13727 | Lair:2   | Found a hole to the Spider Nest.
 13776 | Lair:2   | Reached XP level 13. HP: 114/117 MP: 12/12
 13973 | Lair:2   | Identified Jeogyoku's Papyrus of Unstable Clay
 14450 | Lair:3   | Found a staircase to the Swamp.
 14466 | Lair:3   | Found a labyrinth entrance.
 14475 | Lab      | Entered a labyrinth
 14666 | Lab      | Noticed a minotaur
 14692 | Lab      | Killed a minotaur
 14694 | Lab      | Got a heavily runed amber ring
 14697 | Lab      | Got warped gold dragon scales
 14707 | Lab      | Identified Sif Muna's Volume of Twisted Cold
 14713 | Lab      | Identified the ring "Burhefroy" {+Inv MR+ AC+1 Stlth+} (You took it off a minotaur in a labyrinth)
 14724 | Lab      | Identified the +7 gold dragon scales of Vetiu {rElec rPois rF+ rC+ Int+4} (You took it off a minotaur in a labyrinth)
 14930 | Lair:3   | Got a brightly glowing hand axe
 15186 | Lair:1   | Identified the +10 hand axe of Emesock {chop, rF+ MP+9} (You found it on level 3 of the Lair of Beasts)
 15401 | D:12     | Found a staircase to the Orcish Mines.
 15718 | D:12     | Received a gift from Okawaru
 15744 | D:12     | Got a crude great mace {god gift}
 15912 | D:12     | Reached skill level 15 in Shields
 16267 | Orc:1    | Entered Level 1 of the Orcish Mines
 16304 | D:12     | Reached skill level 15 in Long Blades
 16790 | Orc:1    | Found a roughly hewn altar of Beogh.
 16960 | Orc:2    | Entered Level 2 of the Orcish Mines
 16960 | Orc:2    | Found Nudued's General Store.
 16986 | Orc:2    | Found a staircase to the Elven Halls.
 17003 | Orc:2    | Slain by an orc warrior

Skill      XL: |  1  2  3  4  5  6  7  8  9 10 11 12 13 |
---------------+----------------------------------------+-----
Shields        | 4 5 6 7 9 10 12 14 15 | 15.3
Armour         | 4 5 6 7 8 9 10 11 12 | 12.5
Fighting       | 4 5 6 7 8 10 11 12 | 12.4
Long Blades    | 3 4 5 7 9 11 12 13 14 15 | 15.0
Dodging        | 1 2 |  2.1
Stealth        | 1 2 |  2.0
Evocations     | 1 |  1.0
Invocations    | |  0.6

Action                   |  1- 3 |  4- 6 |  7- 9 | 10-12 | 13-15 || total
-------------------------+-------+-------+-------+-------+-------++-------
Melee: Long sword        |    60 |   111 |   416 |   275 |       ||   862
       Headbutt          |     5 |    26 |   101 |   201 |   103 ||   436
       Scimitar          |       |       |       |   540 |   381 ||   921
Invok: Heroism           |       |       |     1 |     3 |       ||     4
Evoke: Wand              |       |       |       |     6 |       ||     6
  Use: Potion            |       |       |       |     3 |       ||     3
       Scroll            |       |       |       |    13 |     6 ||    19
 Stab: Invisible         |       |       |       |     6 |       ||     6
  Eat: Chunk             |     1 |     5 |    14 |    19 |    12 ||    51
       Pizza             |       |       |     1 |       |       ||     1
       Beef jerky        |       |       |       |     1 |       ||     1
Armor: Scale mail        |    27 |     9 |       |       |       ||    36
       Plate armour      |       |    47 |   175 |   292 |    17 ||   531
       Gold dragon scale |       |       |       |       |    77 ||    77
       Shadow dragon sca |       |       |       |       |    22 ||    22
Dodge: Dodged            |    19 |    22 |    58 |   133 |    35 ||   267
Block: Shield            |    24 |    68 |   208 |   462 |       ||   762
       Reflection        |       |       |       |    19 |     5 ||    24
       Large shield      |       |       |       |    42 |   402 ||   444
       Rpst.: Long sword |     6 |     5 |    20 |    12 |       ||    43
       Scimitar          |       |       |       |    28 |     5 ||    33
